Map: Distretto abbandonato

Players

LaWeedaLoca - Winner!

  • Race: Terran Terran
  • League: Master
  • Spawn Location: 6:00

Mørtebianca - Winner!

  • Race: Zerg Zerg
  • League: Diamond
  • Spawn Location: 6:00

IlBirraioOo - Winner!

  • Race: Terran Terran
  • League: Platinum
  • Spawn Location: 7:00

Jhyrachy - Winner!

  • Race: Zerg Zerg
  • League: Silver
  • Spawn Location: 3:00

Gyrth

  • Race: Protoss Protoss
  • Spawn Location: 9:00

dessoudeur

  • Race: Protoss Protoss
  • League: Gold
  • Spawn Location: 12:00

Jeff

  • Race: Zerg Zerg
  • Spawn Location: 3:00

Aldarande

  • Race: Zerg Zerg
  • League: Silver
  • Spawn Location: 12:00

VOD

Have the link to the VOD?

Description

Time

  • Played on: Dec. 9, 2015, 4:49 p.m.
  • Length: 9:37
Show
View Real Time Build Order
Export as new Build Order

LaWeedaLoca Terran - Winner!

Build Orders: Reaper Expand, MMM Bio 

Get SALT Encoding   

  12  0:01  SCV  
  13  0:13  SCV  
  14  0:20  Supply Depot  
  15  0:28  SCV  
  15  0:42  SCV  
  16  0:47  Barracks  
  16  0:53  Refinery  
  16  1:10  SCV  
  17  1:22  SCV  
  18  1:34  Orbital Command  
  18  1:35  Reaper  
  19  1:46  Command Center  
  19  1:58  Supply Depot  
  19  2:03  SCV  
  20  2:11  Barracks Reactor  
  20  2:15  SCV  
  20  2:17  Barracks  
  21  2:27  SCV  
  22  2:30  Barracks  
  22  2:49  Marine x2  
  24  3:02  SCV  
  24  3:04  Refinery  
  25  3:05  Barracks Tech Lab  
  25  3:07  SCV, Factory  
  26  3:48  SCV  
  26  3:50  Orbital Command, Marine x3  
  26  3:51  Marine  
  31  3:57  Factory Reactor  
  31  3:59  Starport  
  31  4:00  SCV  
  31  4:02  Stimpack  
  32  4:08  Marine x2  
  32  4:09  Supply Depot  
  34  4:12  SCV  
  35  4:18  SCV  
  36  4:25  SCV  
  36  4:30  SCV  
  38  4:37  SCV  
  39  4:42  SCV  
  40  4:59  SCV  
  42  5:00  Marine, SCV, Engineering Bay  
  42  5:01  Factory Reactor, Marine x3  
  42  5:02  Medivac x2  
  42  5:07  Refinery, Supply Depot  
  49  5:08  Refinery  
  49  5:11  Supply Depot  
  49  5:12  SCV x2  
  51  5:18  Marine x2  
  51  5:20  Barracks Tech Lab  
  53  5:23  Supply Depot  
  53  5:24  SCV  
  53  5:27  Supply Depot  
  54  5:29  Marauder, SCV  
  54  5:30  Terran Infantry Weapons Level 1  
  57  5:36  SCV  
  57  5:41  SCV  
  57  5:42  Barracks  
  59  5:47  Barracks  
  59  5:48  SCV  
  60  5:51  Supply Depot  
  60  5:53  SCV  
  60  5:54  Combat Shields  
  60  5:55  Marine  
  62  5:57  Marine x2  
  62  6:00  SCV  
  62  6:03  Supply Depot  
  65  6:05  SCV  
  66  6:12  SCV  
  67  6:20  Marine x3, SCV  
  67  6:21  Marauder  
  67  6:24  SCV  
  74  6:32  SCV  
  75  6:38  Marine x2  
  77  6:43  SCV  
  77  6:44  SCV  
  79  6:52  Marine x2  
  79  6:53  Widow Mine, Medivac  
  85  6:55  SCV  
  85  6:56  Marine x2, SCV  
  84  7:10  Marauder, Marine  
  84  7:12  Widow Mine, Medivac  
  84  7:14  Marine x2  
  93  7:16  Barracks Reactor, Barracks Tech Lab  
  93  7:22  Supply Depot  
  93  7:23  Medivac  
  93  7:28  Marauder  
  97  7:31  Marine x3  
  97  7:36  SCV x2  
  102  7:42  Terran Infantry Armor Level 1  
  102  7:48  SCV x2  
  102  7:49  Marauder, Marine x3  
  109  8:11  Supply Depot  
  109  8:25  Marine  
  110  8:32  Widow Mine x2  
  110  8:33  Marauder x2, Marine, Medivac x2  
  123  8:39  Command Center  
  123  8:43  Marine  
  124  8:51  Marine  
  124  8:54  Marauder x2  
  128  9:00  Widow Mine  
Show
View Real Time Build Order
Export as new Build Order

Mørtebianca Zerg - Winner!

Build Orders: 3 Hatch before Pool 

Get SALT Encoding   

  12  0:02  Drone  
  13  0:08  Drone  
  14  0:17  Overlord  
  14  0:35  Drone  
  14  0:36  Drone x2  
  17  0:58  Drone  
  17  0:59  Hatchery  
  17  1:03  Drone  
  18  1:10  Drone  
  19  1:29  Hatchery  
  19  1:31  Extractor  
  17  1:42  Spawning Pool  
  17  1:44  Drone  
  17  1:47  Drone  
  17  1:50  Drone  
  19  2:11  Overlord  
  19  2:13  Drone x2  
  21  2:17  Drone  
  21  2:22  Drone  
  23  2:27  Drone  
  24  2:32  Drone  
  25  2:41  Metabolic Boost  
  25  2:45  Drone x2  
  25  2:46  Drone, Queen  
  30  2:52  Queen  
  32  2:59  Drone  
  32  3:00  Drone x2  
  32  3:02  Drone  
  36  3:14  Drone x3  
  36  3:15  Drone  
  36  3:16  Overlord  
  40  3:21  Overlord  
  40  3:30  Drone x2  
  40  3:32  Overlord  
  42  3:35  Overlord  
  42  3:37  Drone  
  43  3:42  Queen  
  43  3:43  Drone  
  43  3:46  Drone  
  43  3:47  Drone  
  48  3:50  Extractor  
  47  4:02  Drone x3  
  50  4:07  Drone x3  
  50  4:08  Hatchery, Extractor  
  51  4:10  Drone x4  
  51  4:14  Drone  
  51  4:15  Extractor  
  55  4:26  Drone x2, Extractor  
  55  4:27  Extractor, Drone  
  55  4:29  Drone  
  55  4:30  Drone  
  55  4:31  Drone x3  
  61  4:39  Zergling x2  
  61  4:40  Zergling x8  
  66  4:49  Zergling x2  
  67  4:54  Drone x3, Roach Warren  
  67  4:55  Zergling x4, Evolution Chamber  
  67  4:57  Evolution Chamber  
  67  4:58  Lair  
  67  4:59  Drone  
  70  5:02  Drone  
  66  5:10  Drone x2  
  66  5:11  Overlord x3  
  66  5:12  Overlord  
  68  5:21  Zerg Missile Weapons Level 1  
  68  5:22  Zerg Ground Armor Level 1  
  68  5:26  Drone x2  
  68  5:27  Drone  
  73  5:35  Roach  
  73  5:36  Roach x3  
  73  5:38  Roach x6  
  73  5:41  Roach  
  73  5:42  Hatchery  
  92  5:46  Drone x2  
  92  5:47  Roach Warren  
  93  6:02  Extractor  
  90  6:08  Roach  
  90  6:09  Roach x7  
  106  6:13  Overlord  
  106  6:23  Hatchery  
  105  6:26  Overlord  
  105  6:27  Overlord x2  
  105  6:28  Glial Reconstitution  
  105  6:29  Tunneling Claws  
  105  6:30  Burrow  
  105  6:34  Hatchery  
  105  6:36  Roach  
  106  6:44  Overlord x4  
  106  6:48  Roach  
  106  6:53  Roach  
  106  6:54  Roach x5  
  120  7:00  Hydralisk Den  
  119  7:04  Roach x2  
  123  7:13  Roach  
  123  7:14  Roach x2  
  129  7:17  Zerg Missile Weapons Level 2, Zerg Ground Armor Level 2  
  129  7:19  Overlord x2  
  127  7:32  Roach x8  
  135  7:38  Roach  
  135  7:39  Roach  
  135  7:42  Roach x2  
  141  7:47  Hydralisk x2  
  141  7:48  Hydralisk x2  
  141  7:51  Roach x15  
  149  7:56  Hydralisk x3  
  149  7:57  Hydralisk  
  155  8:03  Ravager  
  155  8:04  Ravager x5  
  155  8:05  Ravager x2  
  159  8:28  Hydralisk  
  159  8:29  Hydralisk x7  
  159  8:31  Roach x16  
  142  8:50  Hydralisk  
  142  8:51  Hydralisk x6  
  143  8:59  Overlord x2  
  143  9:02  Drone x3  
  140  9:06  Hydralisk x3  
  136  9:11  Roach x8  
Show
View Real Time Build Order
Export as new Build Order

IlBirraioOo Terran - Winner!

Build Orders: Reaper Expand, MMM Bio 

Get SALT Encoding   

  12  0:01  SCV  
  13  0:13  SCV  
  14  0:18  Supply Depot  
  14  0:27  SCV  
  15  0:40  SCV  
  15  0:42  Barracks  
  16  0:50  Refinery  
  16  0:52  SCV  
  17  1:05  SCV  
  18  1:17  SCV  
  19  1:29  Orbital Command  
  19  1:34  Reaper  
  20  1:51  Command Center  
  20  1:56  SCV  
  21  2:07  Barracks Reactor, Supply Depot  
  21  2:21  Barracks  
  21  2:22  SCV  
  22  2:23  Barracks  
  22  2:50  Marine x2  
  24  3:12  Marine x2  
  26  3:33  Marine x2  
  26  3:34  Marine  
  29  3:37  SCV x2  
  31  4:00  Marine x4  
  36  4:10  SCV  
  36  4:17  Supply Depot  
  36  4:19  Supply Depot  
  36  4:20  Orbital Command  
  36  4:23  Barracks Tech Lab x2, Factory  
  35  4:24  Marine x2  
  35  4:30  SCV  
  38  4:41  Refinery  
  38  4:42  Combat Shields  
  38  4:45  Marine x2, Stimpack  
  38  4:46  Marine x2  
  38  4:52  SCV  
  43  4:53  SCV, Barracks  
  44  5:04  SCV  
  44  5:05  Marine x4, SCV  
  50  5:07  Factory Reactor  
  50  5:10  Starport  
  50  5:17  SCV x2  
  52  5:24  Marauder, Marine x3  
  57  5:29  SCV x2  
  59  5:37  Engineering Bay  
  59  5:38  Engineering Bay  
  59  5:41  SCV x2  
  59  5:42  Barracks Reactor  
  61  5:51  Supply Depot  
  61  5:52  Marine  
  62  5:58  Supply Depot  
  62  6:02  Refinery  
  62  6:06  Terran Infantry Weapons Level 1, Terran Infantry Armor Level 1  
  62  6:12  Marine x3  
  62  6:13  SCV x2, Medivac  
  62  6:16  Supply Depot  
  69  6:20  Marine x3  
  69  6:21  Supply Depot  
  69  6:25  SCV x2  
  74  6:31  Refinery  
  74  6:34  Marine x3  
  74  6:37  SCV  
  74  6:38  Supply Depot  
  74  6:39  Concussive Shells  
  78  6:40  Marine x3  
  78  6:42  Medivac  
  83  6:52  Marauder  
  80  6:59  Missile Turret, Marine x4  
  77  7:08  Marine  
  77  7:13  Marine  
  77  7:14  Supply Depot  
  79  7:15  Missile Turret  
  79  7:16  Marine  
  79  7:17  Marine  
  79  7:19  SCV  
  79  7:20  SCV  
  83  7:26  Medivac  
  83  7:27  Marine x2  
  87  7:32  Marauder, Marine, SCV x2  
  92  7:42  Marine x2  
  92  7:44  SCV  
  95  7:45  Marine  
  95  7:46  SCV  
  97  7:56  SCV  
  97  7:58  Armory, SCV  
  98  7:59  Medivac  
  98  8:00  Marauder x2, Marine  
  106  8:08  SCV  
  90  8:28  Marine x6  
  92  8:45  Marine  
  92  8:46  Marine x5  
  98  9:00  Medivac x2  
  102  9:03  Marine x2  
  102  9:04  Marine x4  
  110  9:28  Supply Depot  
  110  9:30  Supply Depot  
  110  9:33  Supply Depot  
Show
View Real Time Build Order
Export as new Build Order

Jhyrachy Zerg - Winner!

Build Orders: Hatch First 

Get SALT Encoding   

  12  0:02  Drone  
  13  0:15  Overlord  
  13  0:22  Drone  
  14  0:37  Drone x2  
  16  0:44  Drone  
  17  1:00  Drone  
  17  1:01  Hatchery  
  17  1:03  Extractor, Drone  
  17  1:19  Spawning Pool  
  16  1:28  Drone  
  17  1:34  Drone  
  18  1:40  Drone  
  18  1:43  Overlord  
  19  2:05  Metabolic Boost  
  19  2:13  Zergling x2  
  19  2:14  Zergling x2  
  21  2:19  Queen  
  21  2:21  Queen  
  25  2:49  Drone  
  25  2:50  Drone x5  
  31  2:56  Lair  
  31  3:21  Roach Warren  
  31  3:26  Extractor, Drone x2  
  31  3:27  Drone  
  32  3:29  Drone  
  32  3:30  Drone x3  
  32  3:31  Overlord x2  
  36  4:05  Drone x3  
  36  4:06  Drone  
  40  4:11  Evolution Chamber  
  40  4:14  Evolution Chamber  
  40  4:15  Queen  
  40  4:17  Hatchery  
  40  4:19  Drone x4  
  40  4:22  Glial Reconstitution  
  43  4:27  Burrow  
  43  4:31  Drone x2  
  43  4:42  Overlord  
  45  4:45  Roach  
  45  4:46  Roach x3  
  51  5:06  Roach  
  51  5:07  Roach x3  
  59  5:08  Overlord  
  59  5:25  Drone  
  59  5:27  Overlord  
  59  5:28  Overlord  
  60  5:41  Tunneling Claws  
  60  5:46  Extractor  
  60  5:48  Roach x11  
  81  6:16  Extractor  
  80  6:18  Drone x4  
  80  6:19  Drone  
  85  6:26  Roach  
  85  6:27  Roach  
  85  6:28  Overlord x2  
  85  6:29  Overlord x2  
  89  6:51  Roach x19  
  89  7:11  Roach x19  
  89  7:13  Hatchery  
  89  7:14  Extractor  
  87  7:17  Extractor  
  86  7:24  Roach x19  
  82  8:03  Roach x17  
  82  8:04  Hydralisk Den  
  81  8:09  Drone  
  81  8:10  Drone x9  
  91  8:13  Roach x7  
  91  8:23  Ravager  
  91  8:24  Ravager x9  
  101  8:57  Hydralisk x6  
Show
View Real Time Build Order
Export as new Build Order

Gyrth Protoss 

Build Orders:  

Get SALT Encoding   

  12  0:05  Probe (Chrono Boost)  
  13  0:16  Probe (Chrono Boost)  
  14  0:26  Probe (Chrono Boost)  
  15  0:31  Pylon  
  15  0:36  Assimilator  
  15  0:46  Assimilator  
  15  0:54  Probe (Chrono Boost)  
  15  0:55  Pylon  
  16  1:05  Probe (Chrono Boost)  
  16  1:09  Gateway  
  17  1:15  Probe (Chrono Boost)  
  18  1:23  Forge  
  18  1:34  Pylon  
  18  1:43  Probe (Chrono Boost)  
  19  1:53  Probe (Chrono Boost)  
  20  1:58  Gateway  
  20  1:59  Zealot  
  22  2:04  Probe (Chrono Boost)  
  23  2:29  Pylon  
  9  3:33  Nexus  
  7  4:59  Probe (Chrono Boost)  
  8  5:09  Probe (Chrono Boost)  
  9  5:20  Probe (Chrono Boost)  
  10  5:23  Probe (Chrono Boost)  
  11  5:30  Probe (Chrono Boost)  
  11  5:33  Probe (Chrono Boost)  
  13  5:45  Probe (Chrono Boost)  
  14  5:56  Probe (Chrono Boost)  
  15  6:02  Probe (Chrono Boost)  
  16  6:06  Probe (Chrono Boost)  
  17  6:11  Assimilator  
  17  6:14  Probe (Chrono Boost)  
  10  7:12  Probe (Chrono Boost)  
  12  7:23  Probe (Chrono Boost)  
  2  7:33  Probe (Chrono Boost)  
Show
View Real Time Build Order
Export as new Build Order

dessoudeur Protoss 

Build Orders:  

Get SALT Encoding   

  12  0:02  Probe (Chrono Boost)  
  13  0:13  Probe (Chrono Boost)  
  14  0:24  Probe (Chrono Boost)  
  15  0:31  Pylon  
  16  0:50  Probe (Chrono Boost)  
  16  0:57  Forge  
  16  1:00  Probe (Chrono Boost)  
  16  1:03  Gateway  
  17  1:09  Assimilator  
  17  1:12  Probe (Chrono Boost)  
  17  1:13  Assimilator  
  18  1:30  Pylon  
  18  1:41  Probe (Chrono Boost)  
  19  1:54  Photon Cannon  
  19  2:01  Cybernetics Core  
  19  2:05  Pylon  
  19  2:10  Pylon  
  19  2:33  Zealot  
  21  2:42  Mothership Core (Chrono Boost)  
  23  3:00  Probe (Chrono Boost)  
  24  3:10  Probe (Chrono Boost)  
  24  3:11  Nexus  
  25  3:24  Probe (Chrono Boost)  
  26  3:29  Photon Cannon  
  26  3:34  Probe (Chrono Boost)  
  27  3:46  Pylon  
  27  3:47  Assimilator  
  27  3:51  Pylon  
  27  3:58  Probe (Chrono Boost)  
  28  4:11  Stargate  
  28  4:29  Stargate  
  28  4:31  Protoss Air Weapons Level 1 (Chrono Boost)  
  28  4:34  Probe  
  28  4:38  Probe  
  30  4:48  Probe  
  31  4:57  Probe  
  31  4:59  Probe  
  32  5:02  Photon Cannon  
  33  5:08  Photon Cannon  
  33  5:09  Probe x2  
  35  5:18  Assimilator  
  35  5:20  Probe  
  35  5:23  Oracle  
  39  5:30  Probe  
  39  5:32  Oracle  
  39  5:34  Probe  
  44  5:41  Probe  
  45  5:52  Probe  
  46  6:02  Probe  
  47  6:09  Fleet Beacon  
  47  6:15  Stargate  
  47  6:16  Pylon  
  48  6:18  Probe  
  48  6:21  Probe  
  49  6:30  Probe  
  49  6:31  Probe  
  55  6:42  Probe  
  56  6:51  Void Ray x2  
  60  7:12  Void Ray  
  59  7:58  Pylon  
  59  8:03  Pylon  
  59  8:08  Void Ray  
  59  8:09  Void Ray  
  67  8:16  Void Ray  
Show
View Real Time Build Order
Export as new Build Order

Jeff Zerg 

Build Orders: Hatch First 

Get SALT Encoding   

  12  0:01  Drone  
  13  0:15  Drone  
  14  0:28  Extractor  
  13  0:29  Extractor  
  13  0:30  Drone x2  
  16  0:48  Hatchery  
  15  1:01  Spawning Pool  
  14  1:06  Overlord  
  14  1:25  Drone x2  
  16  1:39  Extractor  
  15  1:40  Drone  
  15  1:41  Drone  
  17  1:48  Queen  
  19  1:56  Drone  
  19  1:59  Overlord  
  20  2:08  Zergling x2  
  21  2:10  Queen  
  21  2:12  Drone  
  24  2:24  Drone x2  
  24  2:25  Drone  
  27  2:35  Zergling x4  
  29  2:41  Metabolic Boost  
  29  2:44  Drone x2  
  31  2:51  Queen  
  33  2:59  Overlord  
  33  3:02  Drone x3  
  36  3:10  Spore Crawler  
  35  3:14  Drone  
  36  3:31  Drone x4  
  36  3:32  Drone, Overlord  
  36  3:33  Drone  
  42  3:48  Baneling Nest  
  41  3:50  Drone  
  42  3:59  Zergling x4  
  44  4:37  Baneling  
  44  4:38  Baneling  
  44  4:39  Baneling  
  44  4:42  Zergling x2  
  44  4:43  Zergling x6  
  44  4:44  Overlord x2  
  48  4:49  Extractor  
  48  4:51  Extractor  
  48  4:52  Drone x2  
  48  4:53  Drone x2, Overlord  
  48  4:54  Spore Crawler  
  48  4:56  Lair  
  48  4:59  Extractor  
  46  5:09  Baneling x2  
  46  5:10  Baneling  
  46  5:33  Evolution Chamber  
  46  5:34  Drone x4  
  46  5:35  Drone x2, Evolution Chamber  
  50  5:42  Drone x5  
  55  5:43  Drone  
  56  5:59  Zerg Melee Weapons Level 1  
  56  6:01  Zerg Ground Armor Level 1  
  55  6:16  Baneling x2  
  55  6:17  Baneling  
  55  6:40  Spire  
  54  6:47  Zergling x2  
  54  6:48  Zergling x18  
  54  6:52  Hatchery x2  
  62  6:56  Hatchery  
  59  7:09  Spine Crawler  
  59  7:10  Spine Crawler  
  59  7:11  Spine Crawler  
  59  7:12  Spine Crawler  
  38  7:39  Spine Crawler  
  38  7:40  Spine Crawler x2  
  38  7:43  Zergling x2  
  34  8:01  Mutalisk  
  34  8:03  Mutalisk  
  34  8:04  Mutalisk x4  
  46  8:07  Mutalisk  
  46  8:11  Overseer  
  48  8:18  Mutalisk x3  
  54  8:28  Mutalisk  
  55  8:39  Mutalisk  
  49  8:54  Mutalisk x3  
  49  8:55  Mutalisk x2  
  57  8:56  Zergling x2  
  57  8:57  Zergling x10  
  57  9:13  Zergling x2  
  57  9:14  Zergling x6  
Show
View Real Time Build Order
Export as new Build Order

Aldarande Zerg 

Build Orders: Hatch First 

Get SALT Encoding   

  12  0:02  Drone  
  13  0:10  Drone  
  14  0:40  Hatchery  
  14  0:41  Drone  
  14  1:00  Spawning Pool  
  14  1:01  Drone  
  14  1:08  Overlord  
  14  1:17  Extractor x2, Drone  
  13  1:21  Drone  
  16  1:28  Drone  
  17  1:33  Drone  
  17  1:38  Extractor  
  17  1:44  Drone  
  18  1:48  Queen  
  20  1:55  Drone  
  20  1:59  Queen  
  23  2:04  Zergling x2  
  23  2:07  Drone  
  25  2:09  Drone  
  26  2:16  Overlord  
  26  2:31  Drone x2  
  28  2:40  Zergling x4  
  28  2:41  Zergling x2  
  31  2:44  Metabolic Boost  
  31  2:53  Zergling x4  
  32  3:33  Drone x3  
  35  3:35  Overlord x2  
  33  4:29  Drone x4  
  33  4:30  Drone x2  
  39  4:35  Hatchery  
  39  4:36  Lair  
  38  4:38  Baneling Nest  
  38  4:41  Zergling x4  
  39  5:13  Extractor  
  38  5:15  Extractor  
  37  5:27  Drone x3, Extractor  
  39  5:34  Evolution Chamber  
  38  5:53  Drone  
  38  5:55  Drone x2  
  38  5:56  Drone x2, Roach Warren  
  42  6:00  Drone x3  
  42  6:01  Drone  
  42  6:02  Drone  
  47  6:07  Overseer  
  47  6:19  Zergling x8  
  47  6:21  Baneling x4  
  47  6:22  Baneling x6  
  47  6:23  Baneling, Zergling x2  
  47  6:24  Zergling x2  
  53  6:50  Zergling x6  
  53  6:51  Zergling x4  
  57  7:03  Spore Crawler  
  53  7:11  Zergling x10  
  58  7:19  Overlord x4  
  47  7:39  Roach x3  
  47  7:40  Roach x6  
  47  7:41  Roach x4  
  72  7:50  Baneling x5  
  72  7:51  Baneling x3  
  52  8:20  Spore Crawler  
  52  8:22  Spine Crawler  
  40  8:33  Zergling x10  
  40  8:34  Zergling x12  
  27  8:35  Zergling x6  
Tags
 
Add a new tag
Caveats
  • Supply blocks, unpowered buildings, or Contaminate may cause inaccurate times.
  • Supply counts are checked every 10 seconds.